cohdb
Replays
Latest Replays
All Replays
Popular Replays
Top Player Replays
Match Explorer
How It Works
Community
CoH3 Stats
Reddit
Sign in to upload your games and track your stats! →
Sign in with Steam
Match 45755394
Unlisted
Match 45755394
Overview
Messages
Build Orders
End
Construct Weapon Support Center
M1919 Machine Gun Team
Engineer Squad
Construct Barracks
Selects Armored Battlegroup
Selects Veteran Crews
Riflemen Squad
M1 Mortar Team
Grenade Package
Riflemen Squad
Air Support Center
Grasshopper Recon Run
P-47 Dive Bomb
Kirschinator
Дворный школ
seedshazel856
MAVNE
Sad Pepe
gio_misro
0
0
Comments
sign in to comment!
No comments posted yet!